 Dungeon Crawl Stone Soup version 0.32-a0-612-g1c984fe9d1 (webtiles) character file.

Game seed: 3136776427017245724

1948 sasquatch the Charlatan (level 9, 0/67 HPs)
             Began as a Coglin Artificer on Mar 3, 2024.
             Was a Believer of Okawaru.
             Succumbed to a water moccasin's poison
             ... on level 6 of the Dungeon on Mar 4, 2024.
             The game lasted 00:17:09 (6165 turns).

sasquatch the Charlatan (Coglin Artificer)          Turns: 6165, Time: 00:17:10

Health: 0/67       AC:  8    Str: 13    XL:     9   Next: 18%
Magic:  9/9        EV: 13    Int: 13    God:    Okawaru [**....]
Gold:   348        SH:  0    Dex: 16    Spells: 8/8 levels left

rFire   + . .        s - +2 short sword (flame) {Santiago}
rCold   + . .        m - +1 short sword (holy) {Gurmehar}
rNeg    . . .        w - +0 acid dragon scales
rPois   +            (no helmet)
rElec   +            q - +0 cloak {Will+}
rCorr   +            (no gloves)
SInv    .            (no boots)
Will    ++...        (amulet unavailable)
Stlth   +            (ring unavailable)
HPRegen 0.31/turn    (ring unavailable)
MPRegen 0.11/turn    (no gizmo)

%: clarity
@: lethally poisoned (0 -> -1), resistant, enlightened, flying, revving
A: off-hand wielding, slow wielding, warmup strikes, no jewellery, clarity,
deterioration 1, electricity resistance
a: Invent Gizmo, Renounce Religion, Heroism


You were on level 6 of the Dungeon.
You worshipped Okawaru.
Okawaru was pleased with you.
You visited 2 branches of the dungeon, and saw 7 of its levels.
You also visited: Sewer.

You collected 348 gold pieces.

Inventory:

Hand Weapons
 e - a +2 long sword of draining
 f - a +0 dagger {Bernhard}
 g - a +0 dagger {Narong}
 m - a +1 short sword of holy wrath (offhand) {Gurmehar}
 s - a +2 short sword of flaming (weapon) {Santiago}
 y - a +0 vampiric dagger
Missiles
 b - 2 javelins
 l - 4 boomerangs
Armour
 h - a +0 troll leather armour {Pargi}
 q - a +0 cloak of willpower (worn)
 t - a +3 leather armour
 w - +0 acid dragon scales (worn)
Wands
 c - a wand of flame (26) (quivered)
 d - a wand of charming (15)
 B - a wand of polymorph (6)
Scrolls
 n - a scroll of teleportation
 o - a scroll of acquirement {unknown}
 p - a scroll of enchant weapon
 v - a scroll of butterflies {unknown}
 x - 3 scrolls of fear
 C - 2 scrolls of blinking
Potions
 a - 5 potions of brilliance
 i - 2 potions of haste
 j - a potion of attraction
 k - 2 potions of resistance
 u - 3 potions of invisibility


   Skills:
 + Level 4.8 Fighting
 * Level 6.2 Short Blades
 + Level 4.5 Armour
 + Level 4.1 Dodging
 - Level 0.7 Stealth
 + Level 7.2 Evocations


You had 8 spell levels left.
You didn't know any spells.
Your spell library contained the following spells:

 Spells                   Type           Power      Damage    Failure   Level
 Sting                    Conj/Alch      0%         1d3       41%         1
 Cigotuvi's Dreadful Rot  Necr/Alch/Air  0%         N/A       54%         2
 Mercury Vapours          Alch/Air       0%         N/A       54%         2
 Stone Arrow              Conj/Erth      0%         3d7       78%         3
 Dispel Undead            Necr           0%         3d6       99%         4
 Olgreb's Toxic Radiance  Alch           0%         N/A       99%         4
 Lehudib's Crystal Spear  Conj/Erth      0%         10d2      100%        8
 Animate Armour           Summ/Erth      Unusable   N/A       N/A         4
 Martyr's Knell           Necr/Summ      Unusable   N/A       N/A         4
 Death Channel            Necr           Unusable   N/A       N/A         6

Dungeon Overview and Level Annotations

Branches:
Dungeon (6/15)             Temple (1/1) D:4           Sewer (visited)

Altars:
Ashenzari
Cheibriados
Dithmenos
Elyvilon
Fedhas
Gozag
Hepliaklqana
Kikubaaqudgha
Makhleb
Nemelex Xobeh
Okawaru
Qazlal
Sif Muna
Trog
Vehumet
Wu Jian
Xom
Yredelemnul
Zin
The Shining One

Annotations:
D:5 2 transporters, CougarLife's ghost, amateur GrEE
Temple 2 transporters


Innate Abilities, Weirdness & Mutations

You can wield a second weapon in your off-hand.
It takes a long time for you to wield or remove held weapons.
Your first few attacks do less damage.
You cannot equip rings or amulets.
You possess an exceptional clarity of mind.
Your body sometimes deteriorates upon taking damage.
You are resistant to electric shocks. (rElec)


Message History

You hit the water moccasin with your +2 short sword of flaming.
You burn the water moccasin.
You kill the water moccasin!
Okawaru accepts your kill.
* * * LOW HITPOINT WARNING * * *
You feel very sick.
Unknown command.
* * * LOW HITPOINT WARNING * * *
You feel very sick.
* * * LOW HITPOINT WARNING * * *
You feel very sick.
* * * LOW HITPOINT WARNING * * *
You feel sick.
Okay, then.
There is a lethal amount of poison in your body!
It was a potion of magic.
Magic courses through your body.
* * * LOW HITPOINT WARNING * * *
You feel sick.
It was a potion of enlightenment.
You feel very buoyant.
You fly up into the air.
* * * LOW HITPOINT WARNING * * *
You feel sick.
You feel extremely strange.
You feel clever.
You feel robust.
You feel frail.
* * * LOW HITPOINT WARNING * * *
You feel sick.
You feel extremely strange.
You feel stupid.
You feel yourself wasting away.
You feel insulated.
Your thoughts seem clearer.
* * * LOW HITPOINT WARNING * * *
You feel sick.
You feel protected.
* * * LOW HITPOINT WARNING * * *
You feel sick.
Okay, then.
* * * LOW HITPOINT WARNING * * *
You feel sick.
Okay, then.
You die...

******** #######
***,,,,,,*
#####.....###
*,,,,,,,,>
#...........####
**,,,,,,,,
#..............#
***,,,,,,
##.............###
***,,**
##........##....##
*,,**
##.############@).#**
****,** ##..#
###...#****,,,,*
....#* *#....#,,,,,,*
###..#*********
*......***,,** #
#..#,,,,,,,,***
**....#,,,*,,**
*#....,,,,,,,,,*
*....#,,***,,*
*......,,,,,,,,*
*,..(#,*,*,*,,
*........,,,,,,**
*,...(***,***,
*........,,,,,,,*
**,,,*,*,*,*,*


There were no monsters in sight!

Vanquished Creatures
  Maggie (D:6)
  Grinder (D:5)
  Eustachio (D:5)
  A water moccasin (D:6)
  An orc warrior (D:6)
  A black bear (D:5)
  Pargi (Sewer)
  An ogre (D:6)
  2 phantoms
  A bullfrog (D:6)
  A brain worm (Sewer)
  2 scorpions (D:4)
  A jelly (D:4)
  An orc priest (D:4)
  A hound (D:5)
  Natasha (D:3)
  A sleepcap (D:4)
  3 iguanas
  An orc wizard (D:5)
  7 adders
  2 ufetubi (D:5)
  6 dart slugs
  2 ribbon worms
  11 orcs
  8 bats
  13 endoplasms
  8 giant cockroaches
  5 goblins
  6 hobgoblins
  2 jackals (D:5)
  8 kobolds
  5 quokkas
  10 ball pythons
  11 frilled lizards
  13 rats
140 creatures vanquished.

Notes
Turn   | Place    | Note
-------+----------+-------------------------------------------
     0 | D:1      | sasquatch the Coglin Artificer began the quest for the Orb.
     0 | D:1      | Reached XP level 1. HP: 15/15 MP: 1/1
    20 | D:1      | Upgraded the game from 0.32-a0-607-g64ea0e4219 to
                  | 0.32-a0-612-g1c984fe9d1
   262 | D:1      | Reached XP level 2. HP: 8/21 MP: 2/2
   340 | D:1      | Reached skill level 1 in Short Blades
   423 | D:1      | Reached skill level 1 in Dodging
   644 | D:1      | Reached XP level 3. HP: 26/26 MP: 3/3
  1321 | D:2      | Reached XP level 4. HP: 22/33 MP: 4/4
  2568 | D:3      | Noticed Natasha
  2576 | D:3      | Killed Natasha
  2577 | D:3      | Reached XP level 5. HP: 30/38 MP: 5/5
  3317 | D:4      | Reached XP level 6. HP: 43/46 MP: 6/6
  3515 | D:4      | Reached skill level 5 in Evocations
  3566 | D:4      | Found an ancient bone altar of Kikubaaqudgha.
  3950 | D:4      | Found a staircase to the Ecumenical Temple.
  3956 | Temple   | Found a transporter.
  3956 | Temple   | Found a transporter.
  3956 | Temple   | Found a transporter.
  3956 | Temple   | Found a transporter.
  3956 | Temple   | Entered the Ecumenical Temple
  3969 | Temple   | Became a worshipper of Warmaster Okawaru
  4031 | D:4      | Reached XP level 7. HP: 50/51 MP: 7/7
  4061 | D:4      | Found a stormy altar of Qazlal.
  4207 | D:5      | Entered Level 5 of the Dungeon
  4243 | D:5      | Noticed Eustachio
  4264 | D:5      | Killed Eustachio
  4296 | D:5      | Reached * piety under Okawaru
  4345 | D:5      | Found a transporter.
  4424 | D:5      | Noticed Grinder
  4425 | D:5      | Paralysed by Grinder for 2 turns
  4440 | D:5      | Killed Grinder
  4441 | D:5      | Reached skill level 6 in Evocations
  4441 | D:5      | Reached XP level 8. HP: 46/60 MP: 8/8
  4655 | D:5      | Found a burning altar of Makhleb.
  5026 | D:5      | Noticed CougarLife's ghost (amateur GrEE)
  5027 | D:5      | Found a transporter.
  5506 | D:6      | Found a glowing drain.
  5510 | Sewer    | Entered a sewer
  5537 | Sewer    | Noticed Pargi
  5544 | Sewer    | Killed Pargi
  5545 | Sewer    | Reached skill level 5 in Short Blades
  5931 | D:6      | Noticed Maggie
  5956 | D:6      | Killed Maggie
  5956 | D:6      | Reached ** piety under Okawaru
  5957 | D:6      | Reached skill level 7 in Evocations
  5957 | D:6      | Reached XP level 9. HP: 30/66 MP: 9/9
  6161 | D:6      | Gained mutation: Your mind is acute. (Int +4, Str/Dex -1)
                  | [potion of mutation]
  6161 | D:6      | Gained mutation: You are robust. (+10% HP) [potion of
                  | mutation]
  6161 | D:6      | Lost mutation: You are robust. (+10% HP) [potion of
                  | mutation]
  6161 | D:6      | HP: 3/67 [poisoned by a water moccasin]
  6162 | D:6      | Lost mutation: Your mind is acute. (Int +4, Str/Dex -1)
                  | [potion of mutation]
  6162 | D:6      | Gained mutation: Your body sometimes deteriorates upon
                  | taking damage. [potion of mutation]
  6162 | D:6      | Gained mutation: You are resistant to electric shocks.
                  | (rElec) [potion of mutation]
  6162 | D:6      | Gained mutation: You possess an exceptional clarity of
                  | mind. [potion of mutation]
  6164 | D:6      | HP: 1/67 [poisoned by a water moccasin]
  6165 | D:6      | Succumbed to a water moccasin's poison

Illustrated notes

Levels and vault maps discovered:
D:1:      minmay_arrival_split_and_join, layout_loops_ring,
          chequers_serial_rivers_small_a, chequers_serial_rivers_micro_c,
          kennysheep_doodads, minmay_circled_x
D:2:      layout_loops_ring, minmay_pentomino_s4
D:3:      layout_basic, uniq_natasha
D:4:      layout_loops_ring, mainiacjoe_overflow_catwalk, lemuel_round_altar,
          minmay_temple_entry_enclosed_plants, st_stairs_4
D:5:      layout_layer_cave, mainiacjoe_overflow_cross_hatched,
          gammafunk_ghost_mausoleum, uniq_grinder, uniq_eustachio
D:6:      layout_cave_pods, lemuel_round_altar, gup_sewer_entry_bowl,
          minmay_manual_mail, uniq_maggie
Temple:   hellmonk_temple_divided_pantheon

Skill      XL: |  1  2  3  4  5  6  7  8  9 |
---------------+----------------------------+-----
Short Blades   | 1 2 3 4 5 6 |  6.2
Dodging        | 1 2 3 4 |  4.1
Armour         | 2 3 4 |  4.5
Fighting       | 2 3 4 |  4.8
Evocations     | 5 6 7 |  7.2
Stealth        | |  0.7

Action                     |  1- 3 |  4- 6 |  7- 9 || total
---------------------------+-------+-------+-------++-------
  Melee: Dagger            |   185 |    41 |       ||   226
         Club              |    14 |       |       ||    14
         Short sword       |       |   284 |   315 ||   599
  Throw: Javelin           |       |       |     4 ||     4
 Invoke: Heroism           |       |       |     1 ||     1
  Evoke: Wand              |       |     1 |    17 ||    18
    Use: Scroll            |       |     7 |    10 ||    17
         Potion            |       |     1 |     7 ||     8
   Stab: Sleeping          |     3 |     5 |       ||     8
         Distracted        |     1 |       |       ||     1
 Armour: Leather armour    |    60 |    89 |    51 ||   200
         Troll leather arm |       |       |    22 ||    22
         Acid dragon scale |       |       |     8 ||     8
  Dodge: Dodged            |    49 |    92 |    72 ||   213

Table legend: (Time is in decaauts)
 A = Elapsed time spent in this place.
 B = Non-inter-level travel time spent in this place.
 C = Inter-level travel time spent in this place.
 D = Time resting spent in this place.
 E = Time spent auto-exploring this place.
 F = Levels seen in this place.
 G = Mean time per level.
                   A        B        C        D        E       F      G
               +--------+--------+--------+--------+--------+-----+--------+
         Total |   6141 |   5962 |    179 |     56 |   4629 |   8 |  767.6 |
       Dungeon |   5877 |   5713 |    164 |     52 |   4507 |   6 |  979.5 |
        Temple |     26 |     11 |     15 |      0 |      0 |   1 |   26.0 |
         Sewer |    236 |    236 |      0 |      4 |    122 |   1 |  236.0 |
               +--------+--------+--------+--------+--------+-----+--------+

Top non-repeatable levels by time:
     D:1: 1266 daAuts
     D:5: 1169 daAuts
     D:4: 1078 daAuts
     D:2: 1049 daAuts
     D:3: 757 daAuts
     D:6: 556 daAuts
   Sewer: 236 daAuts
  Temple: 26 daAuts
